 Dungeon Crawl Stone Soup version 0.28.0-45-g0d030f2227 (webtiles) character file.

Game seed: 921209380264179644

44 protoss039 the Digger (level 3, -9/27 HPs)
             Began as a Demonspawn Earth Elementalist on May 28, 2022.
             Was an Initiate of Vehumet.
             Mangled by Terence
             ... wielding a +0 mace
              (11 damage)
             ... on level 2 of the Dungeon.
             The game lasted 00:04:58 (2246 turns).

protoss039 the Digger (DsEE)                        Turns: 2246, Time: 00:04:59

Health: -9/27      AC:  2    Str:  8    XL:     3   Next: 41%
Magic:  2/6        EV: 12    Int: 18    God:    Vehumet [......]
Gold:   77         SH:  0    Dex: 13    Spells: 0/6 levels left

rFire   . . .      SeeInvis .   a - +0 dagger
rCold   . . .      Faith    .   (no shield)
rNeg    . . .      Spirit   .   b - +0 robe
rPois   .          Reflect  .   (no helmet)
rElec   .          Harm     .   (no cloak)
rCorr   .          Rampage  .   (no gloves)
Will    .....                   (no boots)
Stlth   ++........              (no amulet)
HPRegen 0.09/turn               (no ring)
MPRegen 0.10/turn               (no ring)

@: no status effects
A: claws 1, powered by pain 1
a: Renounce Religion


You were on level 2 of the Dungeon.
You worshipped Vehumet.
Vehumet was noncommittal.
You visited 1 branch of the dungeon, and saw 2 of its levels.

You collected 77 gold pieces.

Inventory:

Hand Weapons
 a - a +0 dagger (weapon)
Missiles
 c - 34 stones
Armour
 b - a +0 robe (worn)
Scrolls
 d - a scroll of torment {unknown}
 g - a scroll of fog {unknown}
Potions
 e - a potion of resistance {unknown}
 f - a potion of flight {unknown}
 h - a potion of invisibility {unknown}


   Skills:
 * Level 1.7 Fighting
 + Level 1.0 Armour
 - Level 1.7 Dodging
 - Level 1.7 Stealth
 + Level 2.3 Spellcasting
 - Level 1.0 Transmutations
 + Level 3.0 Earth Magic


You couldn't memorise any spells.
You knew the following spells:

 Your Spells              Type           Power      Damage    Failure   Level
a - Sandblast             Erth           26%        2d8       4%          1
b - Passwall              Tmut/Erth      7%         N/A       12%         2
c - Stone Arrow           Conj/Erth      14%        3d7       28%         3

Your spell library contained the following spells:

 Spells                   Type           Power      Damage    Failure   Level
 Petrify                  Tmut/Erth      9%         N/A       58%         4


Dungeon Overview and Level Annotations

Branches:
Dungeon (2/15)

Altars:
Vehumet

Annotations:
D:2 Terence


Innate Abilities, Weirdness & Mutations

You have sharp fingernails.
You sometimes gain a little power by taking damage.


Message History

The spell is extremely dangerous to miscast (28% risk of failure)!
Continue anyway?
Aiming: Stone Arrow (extremely dangerous; 28% risk of failure)
Press: ? - help, Shift-Dir - straight line, f/p - Terence
Aim: Terence, wielding a +0 mace and wearing a +0 scale mail (heavily wounded, 69% to hit)
The stone arrow hits Terence!
Terence is almost dead.
Casting: Stone Arrow (extremely dangerous; 28% risk of failure)
Confirm with . or Enter, or press ? or * to list all spells.
The spell is extremely dangerous to miscast (28% risk of failure)!
Continue anyway?
Uppercase [Y]es or [N]o only, please.
The spell is extremely dangerous to miscast (28% risk of failure)!
Continue anyway?
Aiming: Stone Arrow (extremely dangerous; 28% risk of failure)
Press: ? - help, Shift-Dir - straight line, f/p - Terence
Aim: Terence, wielding a +0 mace and wearing a +0 scale mail (almost dead, 69% to hit)
The stone arrow misses Terence.
Unknown command.
Really walk into that dispersal trap?
You enter a dispersal trap!
Terence blinks!
You blink.
Casting: Stone Arrow (extremely dangerous; 28% risk of failure)
Confirm with . or Enter, or press ? or * to list all spells.
Aiming: Sandblast (safe; 4% risk of failure)
Press: ? - help, Shift-Dir - straight line, f/p - Terence
Aim: Terence, wielding a +0 mace and wearing a +0 scale mail (almost dead, 82% to hit)
The blast of sand hits Terence but does no damage.
Terence is almost dead.
Really walk into that dispersal trap?
You enter a dispersal trap!
Terence blinks! x2; You blink.
Unknown command.
Terence says, "Don't bother to defend, it's pointless."
Really walk into that dispersal trap?
You enter a dispersal trap!
Terence blinks! x2; You blink.
Unknown command.
Terence hits you with a +0 mace.
* * * LOW HITPOINT WARNING * * *
Unknown command.
Unknown command.
Terence says, "How do you enjoy it?"
Terence says, "You're history."
Terence hits you with a +0 mace!
You die...

..........##..........# #..#
..........##..........# #..#
..........##..........# #..#
..........###.........#####..#
..........# #................#
.....(..### #..##.###.######.#
.....)..######.##.# #.#....#.#
................@.# #.#.##.#.#
................@.# #.#....#.#
................^.# #.###..#.#
..................# #......#.#
#....###..........# ####...#.#
#....# #..........# #...#.#
#..).# #########..# #..<#.#
#....# #######.# #..##.#
.....# #......># #..##.#
###### #.####### #..##.#


You could see Terence.

Vanquished Creatures
  2 adders (D:2)
  A worm (D:2)
  A dart slug (D:1)
  2 bats
  3 endoplasms
  A giant cockroach (D:1)
  3 goblins
  2 hobgoblins (D:1)
  A ball python (D:2)
  3 kobolds
  3 rats
22 creatures vanquished.

Notes
Turn   | Place    | Note
-------+----------+-------------------------------------------
     0 | D:1      | protoss039 the Demonspawn Earth Elementalist began the
                  | quest for the Orb.
     0 | D:1      | Reached XP level 1. HP: 13/13 MP: 3/3
   178 | D:1      | Reached skill level 1 in Transmutations
   624 | D:1      | Found a faded altar of an unknown god.
   672 | D:1      | Gained mutation: You sometimes gain a little power by
                  | taking damage. [demonic ancestry]
   672 | D:1      | Reached XP level 2. HP: 13/20 MP: 3/5
  1076 | D:1      | Reached skill level 1 in Fighting
  1361 | D:2      | Learned a level 2 spell: Passwall
  1823 | D:2      | Reached skill level 3 in Earth Magic
  1823 | D:2      | Gained mutation: You have sharp fingernails. [demonic
                  | ancestry]
  1823 | D:2      | Reached XP level 3. HP: 26/26 MP: 3/6
  1824 | D:2      | Reached skill level 1 in Armour
  1863 | D:2      | Noticed Terence
  2047 | D:2      | Found a radiant altar of Vehumet.
  2062 | D:2      | Learned a level 3 spell: Stone Arrow
  2067 | D:2      | Became a worshipper of Vehumet
  2238 | D:2      | HP: 1/27 [Terence/+0 mace (3)]
  2246 | D:2      | Mangled by Terence

Illustrated notes

Levels and vault maps discovered:
D:1:      giann_bridges, layout_basic, chequers_ecumenical_altar_island
D:2:      layout_basic, basic_altar, uniq_terence

Skill      XL: |  1  2  3 |
---------------+----------+-----
Transmutations | 1 |  1.0
Fighting       | 1 |  1.7
Earth Magic    | 3 |  3.0
Armour         | 1 |  1.0
Dodging        | |  1.7
Stealth        | |  1.7
Spellcasting   | |  2.3

Action                   || total
-------------------------++-------
Melee: Unarmed           ||    41
       Dagger            ||    51
       Punch             ||     2
 Cast: Sandblast         ||    38
       Stone Arrow       ||     4
 Stab: Sleeping          ||     4
Armor: Robe              ||    29
Dodge: Dodged            ||    85
